 Dungeon Crawl Stone Soup version 0.24-a0-378-g94936e539c (webtiles) character file.

Game seed: 2522809838605700812

638676 Slothtographer the Slayer (level 27, -24/193 HPs)
             Began as a Tengu Assassin on June 2, 2019.
             Was a High Priest of Okawaru.
             Killed from afar by an orb of fire (40 damage)
             ... with a fireball
             ... on level 5 of the Realm of Zot.
             The game lasted 02:59:16 (89212 turns).

Slothtographer the Slayer (Tengu Assassin)         Turns: 89212, Time: 02:59:16

Health: -24/193    AC: 36    Str: 28    XL:     27
Magic:  0/37       EV: 31    Int: 12    God:    Okawaru [*****.]
Gold:   6385       SH: 18    Dex: 17    Spells: 34/44 levels left

rFire    + . .     SeeInvis +   h - +9 demon blade (drain)
rCold    + + .     Gourm    .   Y - +2 shield {rC+}
rNeg     + . .     Faith    .   c - +9 storm dragon scales {Bai Suzhen}
rPois    +         Spirit   +   z - +2 hat {MR+}
rElec    +         Reflect  .   e - +1 cloak of Starlight {rElec rC+ EV+4 Stlth--}
rCorr    .         Harm     .   E - +2 pair of gloves {Str+3}
MR       ++++.                  (boots unavailable)
Stlth    ..........             J - amulet of Ocaotare {Spirit MR+}
HPRegen  0.42/turn              n - ring of protection from fire
MPRegen  0.25/turn              i - ring of the Moon {rN+ Str+4 SInv Stlth+}

@: flying quickly and evasively, hasted, very quick
A: beak, horns 1, talons 3, dopey 1, poison resistance, able to fly
}: 3/15 runes: decaying, serpentine, silver
a: Stop Flying, Heroism, Finesse, Renounce Religion


You were on level 5 of the Realm of Zot.
You worshipped Okawaru.
Okawaru was extremely pleased with you.
You were full.

You visited 10 branches of the dungeon, and saw 50 of its levels.
You visited 1 bazaar.
You also visited: Ice Cave.

You collected 7346 gold pieces.
You spent 961 gold pieces at shops.

Inventory:

Hand Weapons
 h - a +9 demon blade of draining (weapon)
 O - a +5 demon blade of flaming
Armour
 c - +9 storm dragon scales (worn) {Bai Suzhen}
 e - the +1 cloak of Starlight (worn) {rElec rC+ EV+4 Stlth--}
   (You acquired it on level 4 of the Depths)

   It affects your evasion (+4).
   It protects you from cold.
   It insulates you from electricity.
   It makes you much less stealthy.
 z - a +2 hat of magic resistance (worn)
 E - a +2 pair of gloves of strength (worn)
 G - the +4 faerie dragon scales {rElec rF- rCorr HP+8 MP+7 Str+8 SInv}
   (You took it off the Enchantress on level 5 of the Depths)

   It affects your strength (+8).
   It makes you vulnerable to fire.
   It insulates you from electricity.
   It affects your health (+8).
   It affects your magic capacity (+7).
   It lets you see invisible.
   It provides partial protection from all sources of acid and corrosion.
 R - a scarf of repulsion
 Y - a +2 shield of cold resistance (worn)
Jewellery
 i - the ring of the Moon (right hand) {rN+ Str+4 SInv Stlth+}
   (You bought it in a shop on level 1 of the Elven Halls)

   [ring of positive energy]

   It affects your strength (+4).
   It protects you from negative energy.
   It lets you see invisible.
   It makes you more stealthy.
 n - a ring of protection from fire (left hand)
 v - an uncursed ring of protection from cold
 w - an uncursed ring of protection from magic
 F - an uncursed amulet of the acrobat
 J - the amulet of Ocaotare (around neck) {Spirit MR+}
   (You found it on level 3 of the Elven Halls)

   [amulet of guardian spirit]

   It causes incoming damage to be split between your health and magic.
   It affects your resistance to hostile enchantments.
Wands
 b - a wand of clouds (7)
 k - a wand of scattershot (16)
 M - a wand of random effects (6)
 S - a wand of digging (11)
 T - a wand of flame (19)
 X - a wand of acid (19)
 Z - a wand of iceblast (9)
Scrolls
 a - 3 scrolls of enchant weapon
 d - 8 scrolls of vulnerability
 j - 2 scrolls of torment
 m - 11 scrolls of immolation
 u - 5 scrolls of magic mapping
 y - a scroll of remove curse
 H - 4 scrolls of fear
 K - a scroll of holy word
 L - 10 scrolls of fog
 Q - 4 scrolls of blinking
 U - 3 scrolls of summoning
 W - 8 scrolls of teleportation
Potions
 l - 3 potions of might
 o - a potion of agility
 r - 2 potions of resistance
 s - 8 potions of brilliance
 t - 23 potions of curing
 x - 3 potions of cancellation
 A - 4 potions of invisibility
 D - 11 potions of mutation
 I - 7 potions of haste
 P - a potion of berserk rage
Miscellaneous
 g - a phantom mirror
 p - a lamp of fire
 C - a box of beasts
 V - a sack of spiders
Comestibles
 f - 24 rations


   Skills:
 + Level 25.0 Fighting
   Level 15.2(16.2) Short Blades
 - Level 10.5(14.0) Long Blades
 - Level 2.0 Throwing
 - Level 19.7 Armour
 - Level 20.7 Dodging
 - Level 4.0 Stealth
 - Level 18.7 Shields
 - Level 9.1 Spellcasting
 - Level 2.0 Charms
 - Level 3.1 Summonings
 - Level 8.3 Necromancy
 - Level 3.8 Translocations
 - Level 3.3 Air Magic
 - Level 10.2 Invocations
 - Level 10.5 Evocations


You had 34 spell levels left.
You knew the following spells:

 Your Spells              Type           Power        Failure   Level  Hunger
a - Blink                 Tloc           N/A          12%         2    None
b - Summon Butterflies    Summ           ##......     11%         1    None
c - Swiftness             Chrm/Air       ##......     19%         2    None
d - Regeneration          Chrm/Necr      ###.......   13%         3    ##.....
e - Passwall              Tmut/Erth      #.......     50%         2    None

Your spell library contained the following spells:

 Spells                   Type           Power        Failure   Level  Hunger
 Sublimation of Blood     Necr           ####......   1%          2    None
 Animate Dead             Necr           N/A          12%         4    ####...
 Call Imp                 Summ           ##......     16%         2    None
 Shock                    Conj/Air       #...         19%         1    None
 Gell's Gravitas          Tloc           ##........   22%         3    ##.....
 Recall                   Summ/Tloc      N/A          26%         3    ##.....
 Poisonous Vapours        Pois/Air       #.....       28%         2    None
 Call Canine Familiar     Summ           ##......     30%         3    ##.....
 Corona                   Hex            #......      36%         1    None
 Freeze                   Ice            #...         36%         1    None
 Magic Dart               Conj           #...         36%         1    None
 Sandblast                Erth           #.....       36%         1    None
 Sting                    Conj/Pois      #...         36%         1    None
 Portal Projectile        Hex/Tloc       ##....       45%         3    ##.....
 Ensorcelled Hibernation  Hex/Ice        #.....       50%         2    None
 Slow                     Hex            #.......     50%         2    None
 Throw Frost              Conj/Ice       #.....       50%         2    None
 Static Discharge         Conj/Air       #.......     50%         3    ##.....
 Mephitic Cloud           Conj/Pois/Air  #.......     56%         3    ##.....
 Ozocubu's Armour         Chrm/Ice       #.......     58%         3    ##.....
 Passage of Golubria      Tloc           N/A          58%         4    ####...
 Airstrike                Air            ##........   67%         4    ####...
 Confuse                  Hex            #.......     73%         3    ##.....
 Conjure Flame            Conj/Fire      #.......     73%         3    ##.....
 Dazzling Spray           Conj/Hex       #.....       73%         3    ##.....
 Ignite Poison            Fire/Tmut/Pois #.......     73%         3    ##.....
 Inner Flame              Hex/Fire       #.......     73%         3    ##.....
 Spider Form              Tmut/Pois      #.........   73%         3    ##.....
 Stone Arrow              Conj/Erth      #.....       73%         3    ##.....
 Tukima's Dance           Hex            #.......     73%         3    ##.....
 Force Lance              Conj/Tloc      ##......     86%         4    ####...
 Summon Ice Beast         Ice/Summ       #.......     88%         4    ####...
 Borgnjor's Vile Clutch   Necr/Erth      ###.......   88%         5    #####..
 Death Channel            Necr           ####......   88%         6    #######
 Aura of Abjuration       Summ           ##........   96%         5    #####..
 Cause Fear               Hex            #.........   98%         4    ####...
 Fulminant Prism          Conj/Hex       #.........   98%         4    ####...
 Leda's Liquefaction      Hex/Erth       #.........   98%         4    ####...
 Olgreb's Toxic Radiance  Pois           #.......     98%         4    ####...
 Petrify                  Tmut/Erth      #.......     98%         4    ####...
 Throw Icicle             Conj/Ice       #.......     98%         4    ####...
 Lightning Bolt           Conj/Air       #.........   99%         5    #####..
 Silence                  Hex/Air        #.........   99%         5    #####..
 Summon Mana Viper        Hex/Summ       #.......     99%         5    #####..
 Alistair's Intoxication  Tmut/Pois      #.......     100%        5    #####..
 Bolt of Magma            Conj/Fire/Erth #.........   100%        5    #####..
 Irradiate                Conj/Tmut      #.........   100%        5    #####..
 Lee's Rapid Deconstruct  Erth           #.........   100%        5    #####..
 Venom Bolt               Conj/Pois      #.........   100%        5    #####..
 Darkness                 Hex            #.........   100%        6    #######
 Deflect Missiles         Chrm/Air       ##........   100%        6    #######
 Dispersal                Tloc           ##........   100%        6    #######
 Freezing Cloud           Conj/Ice/Air   #.........   100%        6    #######
 Hydra Form               Tmut           #.........   100%        6    #######
 Invisibility             Hex            #.......     100%        6    #######
 Iron Shot                Conj/Erth      #.........   100%        6    #######
 Simulacrum               Ice/Necr       ###.......   100%        6    #######
 Statue Form              Tmut/Erth      #........    100%        6    #######
 Dragon Form              Tmut           #.........   100%        7    #######
 Ring of Flames           Chrm/Fire      #.........   100%        7    #######
 Summon Hydra             Summ           ##........   100%        7    #######
 Controlled Blink         Tloc           N/A          100%        8    #######
 Disjunction              Tloc           ##........   100%        8    #######
 Ignition                 Fire           #.........   100%        8    #######
 Shatter                  Erth           #.........   100%        9    #######
 Tornado                  Air            ##........   100%        9    #######


Dungeon Overview and Level Annotations

Branches:
Dungeon (15/15)            Temple (1/1) D:4            Lair (6/6) D:9
  Swamp (4/4) Lair:3        Snake (4/4) Lair:2        Slime (0/5) Lair:6
    Orc (2/2) D:10            Elf (3/3) Orc:2        Vaults (5/5) D:13
  Crypt (0/3) Vaults:3     Depths (5/5) D:15            Zot (5/5) Depths:5

Altars:
Ashenzari
Cheibriados
Dithmenos
Elyvilon
Fedhas
Gozag
Hepliaklqana
Kikubaaqudgha
Makhleb
Nemelex Xobeh
Okawaru
Qazlal
Ru
Sif Muna
Trog
Uskayaw
Vehumet
Wu Jian
Xom
Yredelemnul
Zin
The Shining One
Beogh

Shops:
D:7 :   D:15 }   Orc:1 *   Orc:2 (=**[   Elf:1 *(%[   Vaults:3 }   Vaults:5 !
Depths:2 (

Portals:
Hell: Depths:1 Depths:2 Depths:3 Depths:4 Depths:5
Abyss: Depths:4 Depths:5
Pandemonium: Depths:3 Depths:5
Ziggurat: Depths:1

Annotations:
D:10 1 runed translucent door
Lair:4 exclusion: 3 oklob plants
Depths:2 2 runed translucent doors


Innate Abilities, Weirdness & Mutations

You have a beak for a mouth.
You have claws for feet.
You can fly continuously.
You have a pair of small horns on your head.
You are dopey. (Int -2)
Your system is resistant to poisons. (rPois)


Message History

The fireball explodes!
The fireball engulfs you!! You resist.
You hear a loud "Zot"!
The orb of fire glows red.
The bolt of fire hits you!!! You resist.
* * * LOW HITPOINT WARNING * * *
Items here: ))) [ a +0 scimitar; a +0 hand axe; a +0 flail; a +0 cloak You feel yourself speed up.
The orb of fire glows yellow.
The fireball explodes!
The fireball engulfs you!! You resist.
* * * LOW HITPOINT WARNING * * *
The Killer Klown throws klown pie at you.
You block the klown pie.
You hear a loud "Zot"!
You are no longer corroded.
Your blink will be uncontrolled - continue anyway?
Okay, then.
The orb of fire emits a lurid red light.
The fireball explodes!
The fireball engulfs you!!! You resist.
You die...

...,,,,,,**** *** ##▓▓▓▓▓▓▓▓▓▓▓#
*▓▓▓ ....^.d..).*.### *##..^
........[##....## ##....#
:........)###...###########...#**
...........###...............#**,
...........# ##............)## *,
^..........# #...........(.# *,
....^......# ##@.[........## *,
...........# #...........# *,
.........^.# ##...........## *,
..........## #.............# **
........,** *#.............#* *
,,,,,,,,** *...............#
*********▓▓▓▓########.########▓▓▓
* #........###.# #^., *
#............# #.##


You could see an orb of fire.

Vanquished Creatures
  3 ancient liches
  Mennas (Depths:5)
  A juggernaut (Depths:5)
  Bai Suzhen (Snake:4)
  Boris (thrice) (Vaults:5 Depths:3 Depths:4)
  A Killer Klown (Zot:4)
  Frederick (Vaults:3)
  Xtahua (Vaults:5)
  4 caustic shrikes
  Vashnia (Snake:3)
  2 curse toes
  7 golden dragons
  the Enchantress (Depths:5)
  The ghost of Wacy the Warmonger, an adept GnSk of Okawaru (Vaults:2)
  2 electric golems
  13 tentacled monstrosities
  Jorgrun (Swamp:2)
  10 Orb Guardians (Zot:5)
  A deep elf blademaster (Elf:3)
  5 quicksilver dragons
  8 titans
  3 liches
  A deep elf master archer (Elf:3)
  Asterion (Snake:4)
  Gastronok (Lair:1)
  Frances (D:13)
  5 death cobs
  5 sphinxes
  Kirke (Swamp:2)
  6 thorn hunters
  Agnes (Elf:2)
  7 tengu reavers
  4 draconian monks
  8 shadow dragons
  Donald (Snake:1)
  14 storm dragons
  Roxanne (Swamp:2)
  The ghost of temitten the Unseen, an adept SpEn of Dithmenos (Vaults:2)
  10 fire giants
  7 nagarajas
  2 iron dragons
  Aizul (Depths:3)
  2 draconian knights
  22 frost giants
  4 deep elf sorcerers
  A ghost moth (Zot:4)
  10 vault wardens
  2 draconian shifters (Zot:1)
  10 deep elf elementalists
  2 draconian stormcallers
  A draconian annihilator (Zot:1)
  5 spriggan defenders
  2 war gargoyles (Vaults:5)
  27 very ugly things
  10 ironheart preservers
  4 vampire knights
  8 green draconians
  10 black draconians
  3 entropy weavers (Vaults:4)
  25 stone giants
  A lorocyproca (Depths:3)
  5 deep elf demonologists
  6 large abominations
  Azrael (Snake:3)
  11 deep elf annihilators
  3 red draconians
  5 white draconians
  4 spark wasps
  6 yellow draconians
  3 purple draconians (Zot:1)
  6 deep elf death magi
  19 ettins
  10 fire dragons
  15 yaktaur captains
  8 great orbs of eyes
  3 jiangshi (Depths:2)
  13 deep elf high priests
  7 ice dragons
  12 naga warriors
  4 rakshasas
  A merfolk avatar (Lair:6)
  4 shambling mangroves
  8 spriggan air magi
  An anaconda (shapeshifter) (Vaults:3)
  33 vault guards
  25 hydras
  Erica (Lair:1)
  24 anacondas
  2 catoblepae
  7 centaur warriors
  5 death yaks
  27 dancing weapons
  A death knight (Vaults:3)
  25 alligators
  48 two-headed ogres
  9 tengu warriors
  5 deep troll shamans
  12 orc high priests
  A vampire mage (Depths:2)
  16 ogre magi
  4 deep troll earth magi
  A sun demon (Depths:3)
  8 shock serpents
  7 spriggan berserkers
  25 deep elf knights
  Sonja (Lair:6)
  21 naga sharpshooters
  2 fire crabs (shapeshifter)
  3 iron trolls (Zot:1)
  6 salamander mystics (Snake:4)
  A torturous demonspawn (Depths:3)
  32 deep trolls
  16 hell knights
  2 spriggan druids
  A glowing orange brain (Depths:5)
  2 flayed ghosts
  11 naga ritualists
  2 wizards (Vaults:1)
  6 unseen horrors
  An infernal demonspawn (Depths:3)
  4 lindwurms (Snake:4)
  A sea snake (Lair:6)
  12 swamp dragons
  A phantasmal warrior (Vaults:3)
  19 deep elf archers
  17 ironbrand convokers
  10 orc knights
  10 harpies
  6 necromancers
  A cyclops (shapeshifter) (Depths:4)
  A fire giant zombie (Depths:2)
  5 wolf spiders
  60 deep elf magi
  A shining eye (shapeshifter) (Vaults:5)
  A stone giant zombie (Depths:2)
  21 mana vipers
  25 ugly things
  2 manticores
  6 salamanders
  4 cyclopes
  5 orc sorcerers
  13 moths of wrath
  A spriggan zombie (Depths:2)
  An elephant (shapeshifter) (Vaults:3)
  3 elephants (Lair:6)
  A moth of wrath (shapeshifter) (Vaults:5)
  40 black mambas
  21 naga magi
  An ice statue (IceCv)
  20 vault sentinels
  A torpor snail (shapeshifter) (Depths:2)
  9 guardian serpents
  An eye of devastation (shapeshifter) (Depths:2)
  16 spiny frogs
  A gargoyle (D:10)
  A spriggan skeleton (Depths:2)
  A hellion (Depths:1)
  A centaur skeleton (D:13)
  A kobold demonologist (D:15)
  16 komodo dragons
  An ice devil (Depths:3)
  27 yaktaurs
  A rime drake (shapeshifter) (Depths:2)
  10 rime drakes
  8 freezing wraiths
  2 human skeletons
  A wind drake (shapeshifter) (Vaults:4)
  A jumping spider (Vaults:5)
  3 meliai (shapeshifter)
  18 polar bears
  A red devil (Depths:3)
  A polar bear (shapeshifter) (Elf:3)
  A troll (shapeshifter) (Depths:3)
  12 trolls
  5 tengu conjurers
  A wind drake (Lair:6)
  10 bog bodies
  17 hornets
  8 tyrant leeches
  20 blink frogs
  39 slime creatures
  9 hippogriffs
  An ettin skeleton (Vaults:1)
  2 human simulacra
  A flying skull (Vaults:3)
  An air elemental (Elf:3)
  A shadow (D:13)
  3 tarantellas
  A tarantella (shapeshifter) (Depths:2)
  4 wraiths
  6 wyverns
  9 spriggans
  7 water elementals
  5 redbacks (Vaults:4)
  A yak (shapeshifter) (Vaults:2)
  2 vampires
  33 yaks
  4 hogs (Swamp:2)
  9 fire elementals
  Eustachio (D:6)
  5 chaos spawn (Depths:5)
  4 hungry ghosts
  3 basilisks
  A steam dragon (D:12)
  41 vampire mosquitoes
  Menkaure (D:4)
  47 nagas
  5 soldier ants
  2 hell hounds (Snake:3)
  17 swamp worms
  2 acid dragons (D:15)
  11 swamp drakes
  6 porcupines
  11 wargs
  A floating eye (Depths:4)
  12 water moccasins
  4 ice beasts
  A sky beast (D:12)
  19 boggarts
  A necrophage (D:10)
  34 orc warriors
  52 ogres
  A phantom (D:11)
  2 eyes of draining
  25 wolves
  11 centaurs
  17 crocodiles
  A human zombie (Vaults:1)
  3 small abominations (Depths:5)
  26 bullfrogs
  4 big kobolds
  3 earth elementals
  A gnoll sergeant (D:11)
  A wyvern skeleton (D:11)
  7 scorpions
  8 killer bees
  15 wights
  2 electric eels (D:9)
  7 howler monkeys
  3 jellies
  6 centaur zombies
  6 crimson imps
  2 bullfrog zombies
  6 hounds
  3 bullfrog skeletons
  2 quasits (D:10)
  49 orc priests
  Crazy Yiuf (D:4)
  2 gnoll shamans (D:14)
  An iron imp (Depths:3)
  An iguana (shapeshifter) (Depths:3)
  4 iguanas
  Terence (D:2)
  22 orc wizards
  11 worker ants
  A hound zombie (D:8)
  3 hound skeletons
  17 gnolls
  11 adders
  4 shadow imps
  2 white imps
  An ufetubus (Depths:3)
  An adder zombie (D:6)
  2 adder skeletons
  2 worms (D:2)
  2 dart slugs
  5 leopard geckos
  141 orcs
  9 bats
  6 giant cockroaches
  8 goblins
  8 hobgoblins
  29 jackals
  4 quokkas
  6 frilled lizards
  A jackal skeleton (D:6)
  24 kobolds
  A quokka skeleton (D:5)
  A quokka zombie (D:5)
  11 rats
  3 briar patches
  2 crawling corpses (Elf:3)
2333 creatures vanquished.

Vanquished Creatures (collateral kills)
  A nagaraja (Snake:4)
1 creature vanquished.

Vanquished Creatures (others)
  A lich (Depths:1)
  A deep elf high priest (Elf:3)
  A deep elf mage (Elf:1)
  An orc sorcerer (Elf:1)
  A tengu conjurer (Depths:2)
  A bog body (Swamp:2)
  A water elemental (Elf:2)
  A fire elemental (Elf:3)
  A human (Swamp:2)
  A hell hound (Depths:1)
  A swamp drake (Swamp:2)
  2 boggarts
  A crimson imp (Depths:1)
  2 orcs
  2 briar patches
  A crawling corpse (Elf:3)
  16 fungi
  20 plants
55 creatures vanquished.

Grand Total: 2389 creatures vanquished

Notes
Turn   | Place    | Note
-------+----------+-------------------------------------------
     0 | D:1      | Slothtographer the Tengu Assassin began the quest for the
                  | Orb.
     0 | D:1      | Reached XP level 1. HP: 12/12 MP: 2/2
   300 | D:1      | Reached XP level 2. HP: 17/17 MP: 3/3
   920 | D:2      | Reached XP level 3. HP: 12/22 MP: 4/4
  1213 | D:2      | Noticed Terence
  1239 | D:2      | Killed Terence
  1239 | D:2      | Reached skill level 3 in Fighting
  1239 | D:2      | Reached XP level 4. HP: 28/28 MP: 5/5
  2409 | D:3      | Gained mutation: You can fly continuously. [Tengu growth]
  2409 | D:3      | Reached XP level 5. HP: 26/32 MP: 6/6
  2448 | D:3      | Found a glowing silver altar of Zin.
  3568 | D:4      | Noticed an ogre
  3590 | D:4      | Killed an ogre
  3590 | D:4      | Reached skill level 4 in Fighting
  3590 | D:4      | Reached XP level 6. HP: 10/38 MP: 7/7
  4240 | D:4      | Found a staircase to the Ecumenical Temple.
  4253 | Temple   | Entered the Ecumenical Temple
  4539 | Temple   | Became a worshipper of Warmaster Okawaru
  4599 | D:4      | Reached XP level 7. HP: 44/44 MP: 8/8
  4777 | D:4      | Reached skill level 5 in Short Blades
  4871 | D:4      | Found a runed translucent door.
  4872 | D:4      | Noticed Crazy Yiuf
  4935 | D:4      | Killed Crazy Yiuf
  5356 | D:4      | Noticed Menkaure
  5373 | D:4      | Killed Menkaure
  5373 | D:4      | Reached skill level 5 in Fighting
  5373 | D:4      | Reached skill level 5 in Dodging
  5636 | D:5      | Entered Level 5 of the Dungeon
  5956 | D:5      | Reached * piety under Okawaru
  5956 | D:5      | Reached XP level 8. HP: 38/49 MP: 9/9
  6591 | D:5      | Found an opulent altar of Gozag.
  6847 | D:6      | Reached skill level 6 in Fighting
  6981 | D:6      | Found a shadowy altar of Dithmenos.
  7500 | D:6      | Noticed Eustachio
  7625 | D:6      | Killed Eustachio
  7625 | D:6      | Reached ** piety under Okawaru
  7625 | D:6      | Reached XP level 9. HP: 37/56 MP: 10/10
  8238 | D:7      | Found the +0 Maxwell's etheric cage {RegenMP+ *Contam rElec
                  | MP+4}
  8247 | D:7      | Reached skill level 7 in Fighting
  8500 | D:7      | Found Realer's Book Emporium.
  8594 | D:7      | Found a white marble altar of Elyvilon.
  9103 | D:8      | Reached *** piety under Okawaru
  9539 | D:8      | Reached skill level 8 in Fighting
  9914 | D:8      | Reached XP level 10. HP: 45/64 MP: 11/11
 10990 | D:9      | Found a staircase to the Lair.
 11054 | D:9      | Noticed a two-headed ogre
 11118 | D:9      | Killed a two-headed ogre
 11118 | D:9      | Reached skill level 10 in Short Blades
 11588 | D:8      | Gained mutation: Your spells are a little harder to cast,
                  | but a little more powerful. [potion of mutation]
 11588 | D:8      | Gained mutation: You are frail. (-10% HP) [potion of
                  | mutation]
 11588 | D:8      | Gained mutation: You expend magic power (3 MP) to
                  | strengthen your wands. [potion of mutation]
 11589 | D:8      | Lost mutation: Your spells are a little harder to cast, but
                  | a little more powerful. [potion of mutation]
 11589 | D:8      | Lost mutation: You expend magic power (3 MP) to strengthen
                  | your wands. [potion of mutation]
 11589 | D:8      | Lost mutation: You are frail. (-10% HP) [potion of
                  | mutation]
 11589 | D:8      | Gained mutation: Your system is resistant to poisons.
                  | (rPois) [potion of mutation]
 11589 | D:8      | Gained mutation: You have a pair of small horns on your
                  | head. [potion of mutation]
 12387 | D:10     | Entered Level 10 of the Dungeon
 12399 | D:9      | Reached **** piety under Okawaru
 12531 | D:10     | Noticed a manticore
 12554 | D:10     | Killed a manticore
 13154 | D:10     | Found a glowing golden altar of the Shining One.
 13154 | D:10     | Found a runed translucent door.
 13154 | D:10     | Noticed an angel
 13276 | D:10     | Noticed a gargoyle
 13296 | D:10     | Killed a gargoyle
 13296 | D:10     | Reached ***** piety under Okawaru
 13484 | D:10     | Reached skill level 1 in Invocations
 13484 | D:10     | Reached XP level 11. HP: 61/69 MP: 12/12
 13534 | D:10     | Found a staircase to the Orcish Mines.
 13746 | D:11     | Noticed a two-headed ogre
 13999 | D:12     | Received a gift from Okawaru
 14038 | D:12     | Noticed a two-headed ogre
 14240 | D:11     | Reached skill level 9 in Fighting
 14695 | D:11     | Reached skill level 1 in Shields
 14773 | D:11     | Noticed a two-headed ogre
 14775 | D:11     | Noticed an ogre mage
 14776 | D:11     | Noticed a two-headed ogre
 14780 | D:11     | Found a bloodstained altar of Trog.
 15032 | D:11     | Killed a two-headed ogre
 15245 | D:11     | Received a gift from Okawaru
 15311 | D:11     | Noticed a two-headed ogre
 15532 | D:12     | Noticed a two-headed ogre
 15568 | D:12     | Killed a two-headed ogre
 15594 | D:12     | Received a gift from Okawaru
 16272 | D:12     | Reached skill level 5 in Invocations
 16430 | D:12     | Reached XP level 12. HP: 77/77 MP: 16/16
 16475 | D:12     | Killed a two-headed ogre
 16752 | D:12     | Reached ****** piety under Okawaru
 17188 | D:13     | Noticed a centaur warrior
 17198 | D:13     | Killed a centaur warrior
 17225 | D:13     | Received a gift from Okawaru
 18208 | D:13     | Noticed a tengu warrior
 18241 | D:13     | Killed a tengu warrior
 18535 | D:13     | Found a gate to the Vaults.
 18535 | D:13     | Noticed an ironheart preserver
 18623 | D:11     | Killed a two-headed ogre
 18623 | D:11     | Received a gift from Okawaru
 18828 | D:11     | Noticed a two-headed ogre
 18868 | D:10     | Killed a two-headed ogre
 18978 | D:10     | Killed a two-headed ogre
 18978 | D:10     | Reached XP level 13. HP: 52/81 MP: 20/20
 19371 | D:13     | Noticed Frances
 19390 | D:13     | Killed Frances
 19390 | D:13     | Reached skill level 15 in Short Blades
 20122 | Lair:1   | Entered Level 1 of the Lair of Beasts
 20383 | Orc:1    | Entered Level 1 of the Orcish Mines
 20428 | Orc:1    | Paralysed by an orc sorcerer for 2 turns
 20433 | Orc:1    | Reached skill level 1 in Armour
 20446 | Orc:1    | HP: 2/82 [orc warrior/+0 dire flail (17)]
 21153 | Orc:2    | Entered Level 2 of the Orcish Mines
 21812 | Lair:1   | Reached skill level 10 in Fighting
 22037 | Lair:1   | Noticed Erica
 22058 | Lair:1   | Killed Erica
 22082 | Lair:1   | Noticed Gastronok
 22740 | Lair:1   | Reached skill level 10 in Invocations
 23181 | Lair:1   | Killed Gastronok
 23304 | Lair:1   | Received a gift from Okawaru
 24107 | Lair:2   | Reached skill level 5 in Armour
 24378 | Lair:2   | Reached XP level 14. HP: 65/88 MP: 13/22
 24404 | Lair:2   | Reached skill level 11 in Fighting
 24991 | Lair:2   | Found a staircase to the Snake Pit.
 25320 | Lair:3   | Found a staircase to the Swamp.
 25429 | Lair:3   | Found a shimmering altar of Xom.
 26451 | Lair:4   | Received a gift from Okawaru
 26695 | Lair:4   | Reached skill level 12 in Fighting
 27074 | Lair:5   | Found a frozen archway.
 27291 | IceCv    | Entered an ice cave
 28009 | IceCv    | Received a gift from Okawaru
 28074 | IceCv    | Noticed a frost giant
 28099 | IceCv    | Killed a frost giant
 28127 | IceCv    | Reached skill level 10 in Armour
 28333 | Lair:5   | Reached skill level 13 in Fighting
 28509 | Lair:5   | Reached XP level 15. HP: 80/98 MP: 18/23
 28599 | Lair:5   | Found an ornate altar of the Wu Jian Council.
 29291 | Lair:6   | Entered Level 6 of the Lair of Beasts
 29317 | Lair:6   | Noticed Sonja
 29325 | Lair:6   | Killed Sonja
 29821 | Lair:6   | Found a staircase to the Slime Pits.
 30022 | Lair:6   | Got a slimy scimitar
 30035 | Lair:6   | Got a steaming leather armour
 30243 | Lair:6   | Received a gift from Okawaru
 30243 | Lair:6   | Reached skill level 14 in Fighting
 30246 | Lair:6   | Got a heavily runed crystal plate armour {god gift}
 31180 | Lair:6   | Identified the +7 scimitar of the Spider {slice, rElec}
                  | (You found it on level 6 of the Lair of Beasts)
 31181 | Lair:6   | Identified the +3 leather armour "Haidujum" {*Slow rF+ rC+
                  | Str+4} (You found it on level 6 of the Lair of Beasts)
 31182 | Lair:6   | Identified the +4 crystal plate armour of Iludoerch {Int+3}
                  | (Okawaru gifted it to you on level 6 of the Lair of Beasts)
 31692 | Orc:2    | Found a roughly hewn altar of Beogh.
 32246 | Orc:2    | Found a staircase to the Elven Halls.
 32310 | Orc:2    | Found Vonoway's Antique Armour Boutique.
 32458 | Orc:2    | Found Pawap's Assorted Antiques.
 32914 | Orc:2    | Found a roughly hewn altar of Beogh.
 33342 | Orc:2    | Found Qazol's Jewellery Shoppe.
 33342 | Orc:2    | Found Caekecei's General Store.
 33368 | Orc:2    | Found Talosuit's Antique Weapon Shoppe.
 33597 | Orc:1    | Found Qeaphim's General Store.
 33606 | Orc:1    | Bought a potion of curing for 36 gold pieces
 33606 | Orc:1    | Bought a potion of curing for 36 gold pieces
 33911 | D:13     | Received a gift from Okawaru
 34327 | D:14     | Reached XP level 16. HP: 104/107 MP: 11/24
 34470 | D:14     | Reached skill level 15 in Fighting
 35022 | D:15     | Entered Level 15 of the Dungeon
 35256 | D:15     | Found Illotar's Gadget Shop.
 35363 | D:15     | Reached skill level 10 in Dodging
 35608 | D:15     | Found a sacrificial altar of Ru.
 35807 | D:15     | Found a staircase to the Depths.
 36032 | Depths:1 | Entered Level 1 of the Depths
 36163 | Depths:1 | Received a gift from Okawaru
 36247 | Depths:1 | Found a gateway to a ziggurat.
 36283 | Depths:1 | Found a shimmering altar of Xom.
 36285 | Depths:1 | Found an opulent altar of Gozag.
 36285 | Depths:1 | Found a shattered altar of Ashenzari.
 36287 | Depths:1 | Found a hide-covered altar of Uskayaw.
 36287 | Depths:1 | Found an iron altar of Okawaru.
 36287 | Depths:1 | Found a shimmering altar of Xom.
 36777 | Depths:1 | Noticed a lich
 36792 | Depths:1 | Killed a lich
 37151 | Snake:1  | Entered Level 1 of the Snake Pit
 37517 | Snake:1  | Noticed Donald
 37562 | Snake:1  | Killed Donald
 37763 | Snake:1  | Reached skill level 16 in Fighting
 38962 | Snake:2  | Received a gift from Okawaru
 39078 | Snake:2  | Got an ichor-stained whip
 39129 | Snake:2  | Identified a scroll of acquirement
 39149 | Snake:2  | Noticed a nagaraja
 39178 | Snake:2  | Killed a nagaraja
 39181 | Snake:2  | Reached XP level 17. HP: 54/116 MP: 7/25
 40163 | Snake:3  | Received a gift from Okawaru
 40375 | Snake:3  | Found a snail-covered altar of Cheibriados.
 40433 | Snake:3  | Received a gift from Okawaru
 40856 | Snake:3  | Noticed Vashnia
 40947 | Snake:3  | Noticed Azrael
 40996 | Snake:3  | Killed Azrael
 41413 | Snake:3  | Reached skill level 17 in Fighting
 41851 | Snake:3  | Killed Vashnia
 42118 | Snake:4  | Entered Level 4 of the Snake Pit
 42307 | Snake:4  | Got a bound tin ring
 42308 | Snake:4  | Identified the ring of Aqiwnied {rN+ Str-4 Int+3 Dex+3
                  | Stlth+} (You found it on level 4 of the Snake Pit)
 44312 | Snake:4  | Received a gift from Okawaru
 44347 | Snake:4  | Reached XP level 18. HP: 23/124 MP: 5/26
 44924 | Snake:4  | Noticed Asterion
 45002 | Snake:4  | Killed Asterion
 45002 | Snake:4  | Reached skill level 18 in Fighting
 45018 | Snake:4  | Reached skill level 15 in Dodging
 45301 | Snake:4  | Noticed Bai Suzhen
 45336 | Snake:4  | Killed Bai Suzhen
 47150 | Snake:4  | Got a scorched chain mail {god gift}
 47193 | Snake:4  | Received a gift from Okawaru
 47291 | Snake:4  | Reached skill level 10 in Shields
 47923 | Snake:4  | Got a serpentine rune of Zot
 48458 | Swamp:1  | Entered Level 1 of the Swamp
 48833 | Swamp:1  | Reached XP level 19. HP: 86/130 MP: 20/27
 49534 | Swamp:2  | Noticed Roxanne
 49575 | Swamp:2  | Killed Roxanne
 49634 | Swamp:2  | Noticed Jorgrun
 49649 | Swamp:2  | Killed Jorgrun
 49660 | Swamp:2  | Noticed Kirke
 49697 | Swamp:2  | Killed Kirke
 49795 | Swamp:2  | Received a gift from Okawaru
 52352 | Swamp:4  | Entered Level 4 of the Swamp
 52537 | Swamp:4  | Reached skill level 15 in Shields
 52853 | Swamp:4  | Reached skill level 1 in Evocations
 52975 | Swamp:4  | Received a gift from Okawaru
 53475 | Swamp:4  | Reached skill level 5 in Evocations
 53717 | Swamp:4  | Identified the +1 chain mail of Unreason {rN+} (Okawaru
                  | gifted it to you on level 4 of the Snake Pit)
 53752 | Swamp:4  | Reached XP level 20. HP: 124/136 MP: 25/28
 53764 | Swamp:4  | Got a decaying rune of Zot
 54730 | Elf:1    | Entered Level 1 of the Elven Halls
 55063 | Elf:1    | Found Luosemol's Assorted Antiques.
 55064 | Elf:1    | Found Fynaseno's Food Emporium.
 55064 | Elf:1    | Found Byod's Weapon Shoppe.
 55069 | Elf:1    | Bought a pitted wooden ring for 140 gold pieces
 55069 | Elf:1    | Bought a potion of heal wounds for 140 gold pieces
 55069 | Elf:1    | Bought a potion of curing for 84 gold pieces
 55069 | Elf:1    | Found Iderag's Antique Armour Emporium.
 55299 | Elf:1    | Identified the ring of the Moon {rN+ Str+4 SInv Stlth+}
                  | (You bought it in a shop on level 1 of the Elven Halls)
 56171 | Elf:1    | Received a gift from Okawaru
 56175 | Elf:1    | Reached skill level 10 in Evocations
 56182 | Elf:1    | Found a runed translucent gate.
 56182 | Elf:1    | Found a runed translucent gate.
 56182 | Elf:1    | Found a runed translucent gate.
 56182 | Elf:1    | Found a runed translucent gate.
 56182 | Elf:1    | Found a runed translucent gate.
 56208 | Elf:1    | Found a runed translucent gate.
 57549 | Elf:2    | Found a runed translucent gate.
 57549 | Elf:2    | Found a runed translucent gate.
 57551 | Elf:2    | Found a runed translucent gate.
 57688 | Elf:2    | Noticed Agnes
 57725 | Elf:2    | Killed Agnes
 58914 | Elf:3    | Entered Level 3 of the Elven Halls
 59310 | Elf:3    | Reached XP level 21. HP: 142/142 MP: 29/29
 59472 | Elf:3    | Received a gift from Okawaru
 59503 | Elf:3    | Received a gift from Okawaru
 59896 | Elf:3    | Identified the Disquisition on Companions and Protection
 59939 | Elf:3    | Identified Sif Muna's Collected Works on Creative
                  | Enchantment
 60030 | Elf:3    | Found an ancient bone altar of Kikubaaqudgha.
 60446 | Elf:3    | Got a faintly glowing tin amulet
 60460 | Elf:3    | Identified the amulet of Ocaotare {Spirit MR+} (You found
                  | it on level 3 of the Elven Halls)
 60760 | Vaults:1 | Entered Level 1 of the Vaults
 61031 | Vaults:1 | Reached skill level 19 in Fighting
 61237 | Vaults:1 | Reached skill level 15 in Armour
 62787 | Vaults:2 | Found a large runed translucent door.
 62787 | Vaults:2 | Found a large runed translucent door.
 62787 | Vaults:2 | Noticed Wacy's ghost (adept GnSk)
 62787 | Vaults:2 | Noticed temitten's ghost (adept SpEn)
 62860 | Vaults:2 | Killed temitten's ghost
 63008 | Vaults:2 | Killed Wacy's ghost
 64781 | Vaults:2 | Reached skill level 1 in Long Blades
 65551 | Vaults:2 | Reached XP level 22. HP: 112/150 MP: 21/30
 65778 | Vaults:2 | Reached skill level 5 in Long Blades
 66116 | Vaults:2 | Identified the cursed +0 hunting sling of Drought {venom,
                  | Dex+2}
 66189 | Vaults:2 | Received a gift from Okawaru
 66919 | Vaults:3 | Received a gift from Okawaru
 66958 | Vaults:3 | Noticed Frederick
 66992 | Vaults:3 | Killed Frederick
 67751 | Vaults:3 | Reached skill level 10 in Long Blades
 68284 | Vaults:3 | Reached skill level 1 in Spellcasting
 68561 | Vaults:3 | Found Wycs's Gadget Emporium.
 68619 | Vaults:3 | Found a staircase to the Crypt.
 68693 | Vaults:3 | You are sucked into a shaft and drop 1 floor!
 68796 | Vaults:4 | Reached skill level 5 in Spellcasting
 69277 | Vaults:4 | Received a gift from Okawaru
 69295 | Vaults:4 | Noticed an ancient lich
 69321 | Vaults:4 | Killed an ancient lich
 69916 | Vaults:4 | Reached XP level 23. HP: 106/155 MP: 22/36
 70263 | Vaults:4 | Identified the +9 war axe "Mabeqyklu" {chop, rPois rN++}
 70614 | Vaults:4 | Found a bloodstained altar of Trog.
 70739 | Vaults:4 | Reached XP level 24. HP: 161/161 MP: 37/37
 70743 | Vaults:4 | Learned a level 2 spell: Blink
 70745 | Vaults:4 | Learned a level 1 spell: Summon Butterflies
 70748 | Vaults:4 | Learned a level 2 spell: Swiftness
 70752 | Vaults:4 | Learned a level 3 spell: Regeneration
 70917 | Vaults:4 | Reached skill level 1 in Summonings
 70917 | Vaults:4 | Reached skill level 1 in Air Magic
 71056 | Vaults:5 | Entered Level 5 of the Vaults
 71066 | Vaults:5 | Reached skill level 1 in Necromancy
 71069 | Vaults:5 | Reached skill level 1 in Charms
 71517 | Vaults:5 | Reached skill level 5 in Necromancy
 71557 | Vaults:5 | Received a gift from Okawaru
 71573 | Vaults:5 | Identified the +2 glaive of Seamexi {holy, Dex+4}
 73748 | Vaults:5 | Learned a level 2 spell: Passwall
 73768 | Vaults:5 | Noticed Boris
 73786 | Vaults:5 | Killed Boris
 73964 | Vaults:5 | Noticed Xtahua
 73985 | Vaults:5 | Killed Xtahua
 73985 | Vaults:5 | Reached XP level 25. HP: 93/168 MP: 21/37
 74684 | Vaults:5 | Got a translucent hat {god gift}
 74686 | Vaults:5 | Identified the +2 hat of Incorporation {rPois MR- Str+2}
                  | (Okawaru gifted it to you on level 5 of the Vaults)
 74700 | Vaults:5 | Noticed an ancient lich
 74713 | Vaults:5 | Killed an ancient lich
 74713 | Vaults:5 | Received a gift from Okawaru
 74785 | Vaults:5 | Got a silver rune of Zot
 74878 | Vaults:5 | Found Jomiul's Distillery.
 74885 | Vaults:5 | Bought a potion of curing for 45 gold pieces
 74885 | Vaults:5 | Bought a potion of curing for 45 gold pieces
 74885 | Vaults:5 | Bought a potion of curing for 45 gold pieces
 74885 | Vaults:5 | Bought a potion of mutation for 120 gold pieces
 74939 | Vaults:5 | Reached skill level 20 in Fighting
 74995 | Vaults:5 | Gained mutation: You are dopey. (Int -2) [a shining eye]
 75403 | Vaults:5 | Identified the Incunabulum of Toxins and Feathers
 76440 | Depths:1 | Found a gateway to Hell.
 77007 | Depths:2 | Found a runed translucent door.
 77007 | Depths:2 | Found a runed translucent door.
 77013 | Depths:2 | Found a runed translucent door.
 77016 | Depths:2 | Found the +3 giant club "Skullcrusher" {speed, Str+7}
 77865 | Depths:2 | Found Ywenusen's Antique Weapon Boutique.
 78141 | Depths:2 | Got a crude short sword
 78142 | Depths:2 | Identified the +10 short sword "Vyiptif" {freeze, +Fly
                  | rPois} (You found it on level 2 of the Depths)
 78248 | Depths:3 | Noticed Aizul
 78248 | Depths:3 | Noticed Boris
 78277 | Depths:3 | Killed Boris
 78277 | Depths:3 | Received a gift from Okawaru
 78280 | Depths:3 | Killed Aizul
 78588 | Depths:3 | Reached XP level 26. HP: 155/175 MP: 32/37
 78936 | Depths:3 | Received a gift from Okawaru
 79356 | Depths:3 | Received a gift from Okawaru
 79440 | Depths:3 | Found a one-way gate leading to the halls of Pandemonium.
 79967 | Depths:3 | Got a pitted shield {god gift}
 79978 | Depths:3 | Identified the +0 shield of the Louse {rPois Int+10 Dex-5}
                  | (Okawaru gifted it to you on level 3 of the Depths)
 80086 | Depths:4 | Found a one-way gate to the infinite horrors of the Abyss.
 80245 | Depths:4 | Reached skill level 21 in Fighting
 80523 | Depths:4 | Found a flickering gateway to a bazaar.
 80532 | Bazaar   | Entered a bazaar
 80532 | Bazaar   | Found Qaups's Armour Boutique.
 80532 | Bazaar   | Found Piqustr Faha's General Store.
 80532 | Bazaar   | Found Migudgh's Assorted Antiques.
 80904 | Bazaar   | Bought a potion of curing for 99 gold pieces
 80904 | Bazaar   | Bought a scroll of teleportation for 99 gold pieces
 80908 | Bazaar   | Bought a potion of curing for 36 gold pieces
 80908 | Bazaar   | Bought a scroll of teleportation for 36 gold pieces
 81087 | Depths:4 | Noticed Boris
 81104 | Depths:4 | Killed Boris
 81372 | Depths:4 | Found the +1 cloak of Starlight {rElec rC+ EV+4 Stlth--}
 81758 | Depths:5 | Entered Level 5 of the Depths
 81967 | Depths:5 | Noticed a juggernaut
 81981 | Depths:5 | Killed a juggernaut
 81981 | Depths:5 | Received a gift from Okawaru
 82200 | Depths:5 | Noticed Mennas
 82281 | Depths:5 | Killed Mennas
 82281 | Depths:5 | Reached XP level 27. HP: 83/182 MP: 21/37
 82937 | Depths:5 | Found a gate to the Realm of Zot.
 83394 | Depths:5 | Identified the +4 faerie dragon scales {rElec rF- rCorr
                  | HP+8 MP+7 Str+8 SInv}
 83394 | Depths:5 | Noticed the Enchantress
 83424 | Depths:5 | Received a gift from Okawaru
 83436 | Depths:5 | Killed the Enchantress
 83950 | Depths:5 | Received a gift from Okawaru
 84276 | Zot:1    | Entered Level 1 of the Realm of Zot
 85389 | Zot:1    | Reached skill level 22 in Fighting
 85946 | Zot:1    | Received a gift from Okawaru
 86710 | Zot:1    | Reached skill level 23 in Fighting
 87268 | Zot:5    | Entered Level 5 of the Realm of Zot
 87405 | Zot:4    | Received a gift from Okawaru
 87435 | Zot:4    | Received a gift from Okawaru
 87467 | Zot:4    | Reached skill level 24 in Fighting
 88691 | Zot:5    | Noticed an ancient lich
 88717 | Zot:5    | Killed an ancient lich
 88729 | Zot:5    | Received a gift from Okawaru
 88729 | Zot:5    | Reached skill level 25 in Fighting
 89188 | Zot:5    | Noticed an orb of fire
 89212 | Zot:5    | Killed from afar by an orb of fire

Levels and vault maps discovered:
D:1:      wander_arrival_fairy_ring, layout_basic, minmay_curled_crystal
D:2:      layout_loops_ring, minmay_misc_feat_x, hangedman_decor_diamond_cutter,
          minmay_misc_feat_more_columns, uniq_terence
D:3:      layout_loops_ring, nicolae_overflow_crystal_walls
D:4:      layout_basic, minmay_temple_entry_butterflies, first_ration,
          sigmund_army, uniq_crazy_yiuf_cottage, uniq_menkaure
D:5:      layout_basic, basic_altar, minmay_fire_ice_demons
D:6:      layout_loops_corners, nicolae_dithmenos_shadow_blocks, uniq_eustachio
D:7:      layout_basic, serial_shops, nicolae_shop_behind_doors,
          hangedman_decor_push, elyvilon_altar_1
D:8:      layout_basic, blue_anna_alchemist [blue_anna_fruit_fields,
          blue_anna_fruit_fields]
D:9:      layout_basic, lair_entry_dummy, kennysheep_dice
D:10:     layout_roguey, orc_0_dummy, chequers_serial_rivers_large_a,
          lemuel_angel_altar
D:11:     layout_cave_pools, bloody_trog
D:12:     layout_stronghold
D:13:     layout_basic, skrybe_vaults_entry_preservation, special_room
          [special_room_orc], hangedman_decor_lopped, grunt_decor_arrowhead,
          uniq_frances
D:14:     kennysheep_seaside_town, layout_basic
D:15:     grunt_enter_depths_hoard, layout_cave_pools, serial_shops, shop,
          nicolae_ru_sacrificial_ziggurat, st_stairs_3,
          minmay_misc_feat_secret_circle
Temple:   regret_index_temple_sigil_plot
Lair:1:   layout_hall_layers, gauntlet_entry_generic, uniq_erica, uniq_gastronok
Lair:2:   layout_loops_ring, guppyfry_snake_entry_garden
Lair:3:   layout_gridlike, skrybe_swamp_entry_bodies, basic_altar,
          patterned_corridor
Lair:4:   layout_regular_city, disabler_island
Lair:5:   layout_cave_pods, basic_altar,
          portal_ice_cave_entry_animals_and_master, serial_bayou_shore_b
Lair:6:   gammafunk_lair_ancient_temple, layout_small_grid,
          dpeg_slime_entry_corner, grunt_megastairs_1, uniq_sonja
Swamp:1:  layout_falls_marsh, nicolae_swamp_fairy_circle
Swamp:2:  layout_basic_swamp, evilmike_swamp_ruin_rubble_1, uniq_kirke,
          uniq_roxanne, uniq_jorgrun
Swamp:3:  layout_basic_swamp, evilmike_swamp_ruin_house_3,
          infiniplex_staircase_pool
Swamp:4:  swamp, layout_basic_swamp
Snake:1:  layout_basic, uniq_donald
Snake:2:  layout_onion_interference, nicolae_snake_squiggles
Snake:3:  layout_concentric_octagons, basic_altar, uniq_vashnia, uniq_azrael
Snake:4:  snake_pit_salamanders_mu, layout_cave_town, uniq_bai_suzhen,
          uniq_asterion
Orc:1:    layout_diamond_mine, serial_shops, shop
Orc:2:    st_orc_town, layout_caves, serial_shops, nicolae_shop_waterfront,
          minmay_orc_temple_c
Elf:1:    elf_arrival_002, layout_loops_ring, orc_legates, minmay_shoptagon
Elf:2:    layout_geoelf_grid, uniq_agnes
Elf:3:    minmay_elf_hall_dome, layout_loops_cross, grunt_ministairs_6,
          david_defended_altar_elf
Vaults:1: nicolae_vaults_windows_and_doors_thing,
          ontoclasm_vaults_decontamination, ontoclasm_vaults_ring_large,
          nicolae_vaults_little_squares_5, grunt_vaults_hallway_short,
          nicolae_vaults_asterisk, nicolae_vaults_network_periphery,
          ontoclasm_vaults_gallery, nicolae_vaults_little_squares_4,
          hangedman_vaults_impose, layout_vaults_quadrants
Vaults:2: advil_vaults_ghost_guards, vaults_standard_mumra_lines,
          grunt_vaults_focal, hangedman_vaults_nails, v_rooms_2,
          nicolae_vaults_minivaults, grunt_vaults_hallway_short,
          vaults_room_grid, vaults_dpeg_diagonal, hangedman_vaults_pinch,
          v_misc_29, v_misc_8, vaults_room_fours, layout_vaults_big_cross
Vaults:3: vaults_room_guarded_vault, hangedman_vaults_variations,
          ontoclasm_vaults_shuriken, ontoclasm_vaults_twist, vaults_dpeg_ring,
          vaults_dpeg_doors, nicolae_vaults_triangles,
          minmay_crypt_entry_simple_statues, vaults_mumra_hex,
          layout_vaults_omnibox, serial_shops, shop, uniq_frederick
Vaults:4: vaults_room_hallway, hangedman_vaults_restitches,
          ontoclasm_vaults_echo, v_misc_11, nicolae_vaults_ring_of_whatevers,
          nicolae_vaults_alarming, ontoclasm_vaults_chip, vaults_dpeg_hooks,
          hangedman_vaults_nails, v_misc_2, layout_vaults_big_room, basic_altar
Vaults:5: uniq_boris, uniq_xtahua
Depths:1: layout_cave_pools, enter_ziggurat_d, hellmouth_1, doesnt_xom_only_xom
Depths:2: minmay_the_grid_triangle_9x9_rhombus_thin_mashed
          [minmay_the_grid_triangle_9x9_fully_insulated_deathbox,
          minmay_the_grid_triangle_9x9_prize_center,
          minmay_the_grid_triangle_9x9_corrupted_corridor,
          minmay_the_grid_triangle_9x9_zippers_horizontal], layout_gridlike,
          hell_entry, chequers_serial_rivers_small_b, serial_shops, shop,
          kennysheep_random_hallway, infiniplex_staircase_pillars_3a
Depths:3: minmay_strange_plus, layout_gridlike, grunt_pan_entry_zigzag,
          glass_columns_a, hell_entry, uniq_aizul
Depths:4: evilmike_pillar_path, layout_cave_pools, abyss_entry, serial_shops,
          bzr_entry_islet, minmay_misc_feat_five, hell_entry
Depths:5: grunt_bruiser_brothers, layout_basic, chequers_serial_rivers_micro_b,
          pan_entry, minmay_room_of_horrors, hell_entry, uniq_enchantress,
          uniq_mennas
Zot:1:    lemuel_halls_of_wrath, layout_basic
Zot:2:    layout_concentric_octagons, kennysheep_underground_church,
          grunt_megastairs_2
Zot:3:    kennysheep_ambush_hall, layout_cathedral_of_symmetry
Zot:4:    layout_onion_interference, skrybe_zot_glass_2
Zot:5:    layout_gridlike, nicolae_zot_crop_circle

Skill      XL: |  1  2  3  4  5  6  7  8  9 10 11 12 13 14 15 16 17 18 19 20 21 22 23 24 25 26 27 |
---------------+----------------------------------------------------------------------------------+-----
Dodging        | 2 3 4 5 7 8 9 12 14 15 17 18 19 20 | 20.7
Short Blades   | 3 4 5 7 9 12 14 15 | 15.2
Fighting       | 3 4 5 6 8 9 10 13 14 16 17 18 19 20 21 25 | 25.0
Invocations    | 1 5 8 10 | 10.2
Shields        | 4 12 15 16 17 18 | 18.7
Armour         | 5 10 13 14 15 16 17 18 19 | 19.7
Evocations     | 6 10 | 10.5
Long Blades    | 2 10 | 10.5
Spellcasting   | 8 9 |  9.1
Translocations | 3 |  3.8
Summonings     | 3 |  3.1
Air Magic      | 3 |  3.3
Necromancy     | 8 |  8.3
Charms         | 2 |  2.0
Throwing       | |  2.0
Stealth        | |  4.0

Action                   |  1- 3 |  4- 6 |  7- 9 | 10-12 | 13-15 | 16-18 | 19-21 | 22-24 | 25-27 || total
-------------------------+-------+-------+-------+-------+-------+-------+-------+-------+-------++-------
Melee: Dagger            |    62 |   173 |   709 |   758 |       |       |       |       |       ||  1702
       Kick              |    14 |    51 |   235 |   556 |   807 |  1036 |  1303 |   787 |  1456 ||  6245
       Peck              |     6 |    21 |   149 |   345 |   501 |   666 |   865 |   511 |   827 ||  3891
       Headbutt          |       |       |       |   302 |   506 |   711 |   851 |   522 |   925 ||  3817
       Rapier            |       |       |       |   465 |  1743 |  2019 |  2659 |   563 |       ||  7449
       Demon blade       |       |       |       |       |       |       |    14 |   862 |  2518 ||  3394
Throw: Dart              |     6 |    12 |    23 |    41 |    12 |       |       |       |       ||    94
 Cast: Regeneration      |       |       |       |       |       |       |       |     1 |     1 ||     2
       Swiftness         |       |       |       |       |       |       |       |       |     1 ||     1
Invok: Heroism           |       |       |       |       |     8 |    25 |    20 |    13 |    24 ||    90
       Finesse           |       |       |       |       |     7 |    13 |     9 |     6 |    19 ||    54
 Abil: Fly               |       |     1 |       |       |       |       |       |       |       ||     1
Evoke: Wand              |       |       |       |    11 |     8 |       |     9 |       |     3 ||    31
  Use: Potion            |       |       |     4 |     5 |     3 |     8 |     5 |     5 |     9 ||    39
       Scroll            |       |       |       |    15 |    13 |    10 |    23 |     3 |    16 ||    80
 Stab: Sleeping          |    10 |     6 |       |     1 |       |     1 |     1 |       |       ||    19
       Confused          |       |       |       |     2 |       |       |       |       |       ||     2
       Distracted        |       |       |       |       |     1 |       |       |     1 |       ||     2
       Petrified         |       |       |       |       |     1 |       |       |       |       ||     1
  Eat: Chunk             |       |    11 |    11 |    16 |    19 |     3 |     7 |     9 |    23 ||    99
       Ration            |       |       |     3 |     3 |     8 |    13 |    14 |     4 |     9 ||    54
Armor: Robe              |     9 |     7 |       |       |       |       |       |       |       ||    16
       Scale mail        |       |    39 |   139 |   201 |    75 |       |       |       |       ||   454
       Skin              |       |       |     1 |       |       |       |       |       |       ||     1
       Ice dragon scales |       |       |       |       |   188 |   156 |       |       |       ||   344
       Fire dragon scale |       |       |       |       |       |    23 |       |       |       ||    23
       Storm dragon scal |       |       |       |       |       |    98 |   489 |   360 |   393 ||  1340
Dodge: Dodged            |    31 |    90 |   382 |   707 |   835 |  1123 |  1233 |  1042 |  1166 ||  6609
       Deflected         |       |       |       |       |     9 |   107 |    34 |    37 |    20 ||   207
Block: Buckler           |       |       |       |    75 |   311 |   663 |   313 |       |       ||  1362
       Shield            |       |       |       |       |       |       |  1035 |  1049 |  1373 ||  3457
       Rpst.: Demon blade |       |       |       |       |       |       |       |   103 |   193 ||   296

Table legend:
 A = Non-vault XP
 B = Vault XP
 C = Vault XP percentage of total XP
 D = Non-vault monster count
 E = Vault monster count
 F = Vault count percentage of total count
                 A         B        C        D         E       F
            +---------+---------+-------+---------+---------+-------
      Total |  802996 |  666029 |  45.3 |    1513 |     818 |  35.1
            +---------+---------+-------+---------+---------+-------
        D:1 |      30 |       0 |   0.0 |      17 |       0 |   0.0
        D:2 |      95 |      36 |  27.5 |      31 |       1 |   3.1
        D:3 |      86 |       0 |   0.0 |      29 |       0 |   0.0
        D:4 |     552 |     218 |  28.3 |      21 |       5 |  19.2
        D:5 |     590 |      56 |   8.7 |      18 |       2 |  10.0
        D:6 |     787 |     188 |  19.3 |      20 |       1 |   4.8
        D:7 |     750 |       0 |   0.0 |      16 |       0 |   0.0
        D:8 |    1472 |      97 |   6.2 |      41 |       1 |   2.4
        D:9 |    1896 |     332 |  14.9 |      21 |       2 |   8.7
       D:10 |    5003 |       0 |   0.0 |      26 |       0 |   0.0
       D:11 |    6311 |       0 |   0.0 |      56 |       0 |   0.0
       D:12 |    7631 |     154 |   2.0 |      41 |       1 |   2.4
       D:13 |    8550 |    7920 |  48.1 |      40 |      34 |  45.9
       D:14 |    7061 |     747 |   9.6 |      28 |      18 |  39.1
       D:15 |   10555 |    2143 |  16.9 |      28 |       4 |  12.5
     Lair:1 |    3320 |    3417 |  50.7 |      12 |       2 |  14.3
     Lair:2 |    7818 |     326 |   4.0 |      22 |       2 |   8.3
     Lair:3 |    6801 |     279 |   3.9 |      27 |       1 |   3.6
     Lair:4 |    4547 |       0 |   0.0 |      18 |       0 |   0.0
     Lair:5 |    4735 |    2449 |  34.1 |      12 |       8 |  40.0
     Lair:6 |    6314 |   12666 |  66.7 |      21 |      33 |  61.1
    Swamp:1 |   18942 |       0 |   0.0 |      34 |       0 |   0.0
    Swamp:2 |   16737 |    7864 |  32.0 |      32 |       7 |  17.9
    Swamp:3 |   17186 |       0 |   0.0 |      37 |       0 |   0.0
    Swamp:4 |   18999 |   18324 |  49.1 |      46 |      25 |  35.2
    Snake:1 |   17422 |    2021 |  10.4 |      38 |       1 |   2.6
    Snake:2 |   16448 |       0 |   0.0 |      27 |       0 |   0.0
    Snake:3 |   20049 |   10234 |  33.8 |      42 |      13 |  23.6
    Snake:4 |   24614 |   65014 |  72.5 |      46 |      76 |  62.3
      Orc:1 |    2740 |     350 |  11.3 |      35 |       3 |   7.9
      Orc:2 |    3779 |    9216 |  70.9 |      30 |      78 |  72.2
      Elf:1 |   18500 |   22664 |  55.1 |      28 |      36 |  56.2
      Elf:2 |   11050 |   23627 |  68.1 |      21 |      28 |  57.1
      Elf:3 |   17818 |   31171 |  63.6 |      31 |      24 |  43.6
   Vaults:1 |   20888 |   12921 |  38.2 |      38 |      16 |  29.6
   Vaults:2 |   25119 |   34900 |  58.1 |      44 |      41 |  48.2
   Vaults:3 |   22838 |   27447 |  54.6 |      45 |      32 |  41.6
   Vaults:4 |   45200 |   44063 |  49.4 |      64 |      35 |  35.4
   Vaults:5 |   28317 |  102647 |  78.4 |      32 |      67 |  67.7
   Depths:1 |   13223 |     450 |   3.3 |      18 |       2 |  10.0
   Depths:2 |   36106 |   26797 |  42.6 |      49 |      26 |  34.7
   Depths:3 |   53787 |   20618 |  27.7 |      54 |      20 |  27.0
   Depths:4 |   43580 |   27908 |  39.0 |      46 |      16 |  25.8
   Depths:5 |   65853 |   44957 |  40.6 |      46 |      39 |  45.9
      Zot:1 |   72135 |   49303 |  40.6 |      38 |      49 |  56.3
      Zot:3 |   11838 |       0 |   0.0 |       4 |       0 |   0.0
      Zot:4 |   57061 |       0 |   0.0 |      31 |       0 |   0.0
      Zot:5 |   17863 |   38780 |  68.5 |      12 |      14 |  53.8
      IceCv |       0 |   13725 | 100.0 |       0 |      55 | 100.0
            +---------+---------+-------+---------+---------+-------
